 Dungeon Crawl Stone Soup version 0.25-a0-413-g3b4b6a4ccc (webtiles) character file.

Game seed: 16561919470790307773, levelgen mode: deterministic

1217 MisterFreud the Charlatan (level 8, -6/60 HPs)
             Began as a Gnoll Artificer on Jan 14, 2020.
             Was a Follower of Nemelex Xobeh.
             Mangled by a two-headed ogre
             ... wielding a +0 giant club
              (11 damage)
             ... on level 6 of the Dungeon.
             The game lasted 00:13:51 (5723 turns).

MisterFreud the Charlatan (Gnoll Artificer)         Turns: 5723, Time: 00:13:51

Health: -6/60      AC:  7    Str: 15    XL:     8   Next: 46%
Magic:  13/13      EV: 15    Int: 20    God:    Nemelex Xobeh [*.....]
Gold:   238        SH:  0    Dex: 15    Spells: 13/13 levels left

rFire    . . .     SeeInvis .   a - +0 short sword
rCold    . . .     Gourm    .   (no shield)
rNeg     . . .     Faith    .   b - +1 leather armour
rPois    +         Spirit   .   (no helmet)
rElec    .         Reflect  .   (no cloak)
rCorr    .         Harm     .   B - +0 pair of gloves
MR       .....                  u - +1 pair of boots
Stlth    ++........             (no amulet)
HPRegen  0.20/turn              F - +4 ring of intelligence
MPRegen  0.13/turn              t - ring of poison resistance

@: very slightly contaminated, invisible
A: distributed training, fangs 1, strong nose
a: Draw Escape, Draw Destruction, Draw Summoning, Renounce Religion


You were on level 6 of the Dungeon.
You worshipped Nemelex Xobeh.
Nemelex Xobeh was aware of your devotion.
You were hungry.

You visited 1 branch of the dungeon, and saw 6 of its levels.
You also visited: Sewer.

You collected 238 gold pieces.

Inventory:

Hand Weapons
 a - a +0 short sword (weapon)
 i - a +2 falchion of slicing
Missiles
 k - 26 sling bullets
 l - 175 stones (quivered)
 m - 3 throwing nets
 n - 36 bolts
 r - 55 arrows
 s - 43 poisoned darts
Armour
 b - a +1 leather armour (worn)
 h - a cursed +0 buckler
 u - a +1 pair of boots (worn)
 B - a +0 pair of gloves (worn)
 D - a +0 pair of boots
Jewellery
 q - an uncursed ring of stealth
 t - a ring of poison resistance (right hand)
 F - a +4 ring of intelligence (left hand)
 I - an uncursed ring of stealth
Wands
 c - a wand of flame (15)
 d - a wand of enslavement (14)
 e - a wand of random effects (15)
 J - a wand of paralysis (6)
Scrolls
 g - 5 scrolls of teleportation
 o - 6 scrolls of remove curse
 x - 2 scrolls of fog {unknown}
 y - a scroll of blinking
 C - a scroll of random uselessness {unknown}
 E - a scroll of enchant weapon {unknown}
 G - a scroll of amnesia {unknown}
Potions
 j - 2 potions of lignification
 v - a potion of resistance
 w - a potion of cancellation
 z - 4 potions of flight
 A - a potion of agility
 H - 2 potions of haste
Comestibles
 f - 10 rations


   Skills:
 + Level 4.2 Fighting
 + Level 4.2 Short Blades
 + Level 3.2 Long Blades
 + Level 3.2 Axes
 + Level 3.2 Maces & Flails
 + Level 3.2 Polearms
 + Level 3.2 Staves
 + Level 3.2 Slings
 + Level 3.2 Bows
 + Level 3.2 Crossbows
 + Level 3.2 Throwing
 + Level 3.2 Armour
 + Level 5.6 Dodging
 + Level 4.0 Stealth
 + Level 3.2 Shields
 + Level 3.2 Unarmed Combat
 + Level 3.2 Spellcasting
 + Level 2.6 Conjurations
 + Level 2.6 Hexes
 + Level 2.6 Charms
 + Level 2.6 Summonings
 + Level 2.6 Necromancy
 + Level 2.6 Translocations
 + Level 2.6 Transmutations
 + Level 2.6 Fire Magic
 + Level 2.6 Ice Magic
 + Level 2.6 Air Magic
 + Level 2.6 Earth Magic
 + Level 2.6 Poison Magic
 + Level 3.5 Invocations
 + Level 7.3 Evocations


You had 13 spell levels left.
You didn't know any spells.
Your spell library contained the following spells:

 Spells                   Type           Power        Failure   Level  Hunger
 Confusing Touch          Hex            ##......     17%         3    ###....
 Gell's Gravitas          Tloc           ##........   17%         3    ###....
 Petrify                  Tmut/Erth      ##......     50%         4    ####...
 Metabolic Englaciation   Hex/Ice        ##........   85%         5    ######.
 Yara's Violent Unravell  Hex/Tmut       ##........   85%         5    ######.


Dungeon Overview and Level Annotations

Branches:
Dungeon (6/15)             Temple (0/1) D:5           Sewer (visited)

Altars:
Cheibriados
Fedhas
Gozag
Hepliaklqana
Nemelex Xobeh
Ru
Uskayaw
Xom


Innate Abilities, Weirdness & Mutations

Your experience applies equally to all skills.
You have very sharp teeth.
Your uncanny sense of smell can sniff out nearby items.


Message History

The walls disappear prematurely!
You hit the two-headed ogre.
The two-headed ogre is lightly wounded.
The two-headed ogre asks, "Where am I?"
You barely miss the two-headed ogre.
The two-headed ogre is lightly wounded.
You catch the helpless two-headed ogre completely off-guard!
You puncture the two-headed ogre!
You punch the two-headed ogre, but do no damage.
The two-headed ogre is moderately wounded.
The two-headed ogre misses you. The two-headed ogre closely misses you.
You strike the helpless two-headed ogre from behind!
You puncture the two-headed ogre!
The two-headed ogre is heavily wounded.
You hit the two-headed ogre.
The two-headed ogre is heavily wounded.
The two-headed ogre seems less confused.
The two-headed ogre hits you with a +0 giant club!
You die...
Your body disappears without a glow.

. .. #.# #.#..
##.## # # ####.#..
... .#.#+ .......
..##.....
###.##.####.......$
..!................
#......##........
#..........#.#+#.
####...@O.....#.#
#.....<...........
#..................
#...)..............
#.........#.#......
+....#+####........
#...# ##..#+###
#... ..# .... #.#


You could see a two-headed ogre.

Vanquished Creatures
  2 ogres (D:4)
  2 scorpions
  3 howler monkeys
  2 crimson imps (D:5)
  2 hounds (D:4)
  A bullfrog skeleton (D:4)
  3 orc priests
  4 orc wizards
  An iguana (D:4)
  Natasha (thrice) (D:2)
  3 worker ants
  9 adders
  4 oozes (Sewer)
  An adder skeleton (D:4)
  7 worms
  2 dart slugs
  10 leopard geckos
  10 orcs
  4 ball pythons
  17 bats
  9 giant cockroaches
  7 goblins
  8 hobgoblins
  7 jackals
  7 kobolds
  A quokka (D:4)
  6 frilled lizards
  A quokka zombie (D:5)
  8 rats
144 creatures vanquished.

Vanquished Creatures (collateral kills)
  An orc wizard (D:4)
1 creature vanquished.

Vanquished Creatures (others)
  A scorpion (D:5)
  An orc wizard (D:6)
  2 orcs (D:6)
4 creatures vanquished.

Grand Total: 149 creatures vanquished

Notes
Turn   | Place    | Note
-------+----------+-------------------------------------------
     0 | D:1      | MisterFreud the Gnoll Artificer began the quest for the
                  | Orb.
     0 | D:1      | Reached XP level 1. HP: 17/17 MP: 4/4
    78 | D:1      | Reached XP level 2. HP: 17/23 MP: 6/6
   729 | D:2      | Reached XP level 3. HP: 28/28 MP: 7/7
   893 | D:2      | Reached skill level 1 in Invocations
  1056 | D:2      | Noticed Natasha
  1059 | D:2      | Killed Natasha
  1059 | D:2      | Reached skill level 1 in Long Blades
  1059 | D:2      | Reached skill level 1 in Axes
  1059 | D:2      | Reached skill level 1 in Maces & Flails
  1059 | D:2      | Reached skill level 1 in Polearms
  1059 | D:2      | Reached skill level 1 in Staves
  1059 | D:2      | Reached skill level 1 in Slings
  1059 | D:2      | Reached skill level 1 in Bows
  1059 | D:2      | Reached skill level 1 in Crossbows
  1059 | D:2      | Reached skill level 1 in Throwing
  1059 | D:2      | Reached skill level 1 in Armour
  1059 | D:2      | Reached skill level 1 in Shields
  1059 | D:2      | Reached skill level 1 in Unarmed Combat
  1059 | D:2      | Reached skill level 1 in Spellcasting
  1059 | D:2      | Reached XP level 4. HP: 34/34 MP: 8/8
  1178 | D:2      | Noticed Natasha
  1311 | D:2      | Killed Natasha
  1311 | D:2      | Reached skill level 1 in Conjurations
  1311 | D:2      | Reached skill level 1 in Hexes
  1311 | D:2      | Reached skill level 1 in Charms
  1311 | D:2      | Reached skill level 1 in Summonings
  1311 | D:2      | Reached skill level 1 in Necromancy
  1311 | D:2      | Reached skill level 1 in Translocations
  1311 | D:2      | Reached skill level 1 in Transmutations
  1311 | D:2      | Reached skill level 1 in Fire Magic
  1311 | D:2      | Reached skill level 1 in Ice Magic
  1311 | D:2      | Reached skill level 1 in Air Magic
  1311 | D:2      | Reached skill level 1 in Earth Magic
  1311 | D:2      | Reached skill level 1 in Poison Magic
  1329 | D:2      | Found an opulent altar of Gozag.
  1409 | D:2      | Reached XP level 5. HP: 27/40 MP: 9/9
  1460 | D:2      | Noticed Natasha
  1655 | D:2      | Found a sparkling altar of Nemelex Xobeh.
  1763 | D:2      | Killed Natasha
  1845 | D:2      | Found a shimmering altar of Xom.
  2527 | D:3      | Found a glowing drain.
  2539 | D:3      | Reached XP level 6. HP: 26/47 MP: 11/11
  2548 | Sewer    | Entered a sewer
  3416 | D:3      | Reached skill level 5 in Dodging
  3736 | D:3      | Found a blossoming altar of Fedhas.
  3795 | D:3      | Found a hide-covered altar of Uskayaw.
  3892 | D:3      | Found a hazy altar of Hepliaklqana.
  4005 | D:2      | Became a worshipper of Nemelex Xobeh the Trickster
  4070 | D:4      | Reached XP level 7. HP: 28/52 MP: 12/12
  4320 | D:4      | Reached skill level 7 in Evocations
  4663 | D:4      | Received a gift from Nemelex Xobeh
  4781 | D:4      | Found a sacrificial altar of Ru.
  4870 | D:4      | Found a snail-covered altar of Cheibriados.
  4955 | D:5      | Entered Level 5 of the Dungeon
  5018 | D:5      | Reached * piety under Nemelex Xobeh
  5038 | D:5      | Reached XP level 8. HP: 60/60 MP: 13/13
  5504 | D:5      | Received a gift from Nemelex Xobeh
  5504 | D:5      | Found a staircase to the Ecumenical Temple.
  5686 | D:6      | Noticed a two-headed ogre
  5712 | D:6      | HP: 3/60 [two-headed ogre/+0 giant club (7)]
  5723 | D:6      | Mangled by a two-headed ogre

Levels and vault maps discovered:
D:1:      lemuel_arrival_tunnels, layout_loops_cross
D:2:      layout_rooms, nicolae_overflow_crystal_walls, nemelex_altar_shiori,
          xom_teletrap_fun, uniq_natasha
D:3:      layout_rooms, lemuel_coloured_pillars_altar,
          overflow_temple_1_default, nicolae_overflow_hidden_temple,
          gup_sewer_entry_pipe
D:4:      layout_cave_pools, marbit_many_paths, nicolae_ru_sacrificial_ziggurat,
          first_ration
D:5:      layout_rooms, minmay_temple_entry_water_ring,
          chequers_serial_rivers_micro_e
D:6:      layout_basic, lemuel_flamethrower_2

Skill      XL: |  1  2  3  4  5  6  7  8 |
---------------+-------------------------+-----
Invocations    | 1 2 3 |  3.5
Long Blades    | 1 2 3 |  3.2
Axes           | 1 2 3 |  3.2
Maces & Flails | 1 2 3 |  3.2
Polearms       | 1 2 3 |  3.2
Staves         | 1 2 3 |  3.2
Slings         | 1 2 3 |  3.2
Bows           | 1 2 3 |  3.2
Crossbows      | 1 2 3 |  3.2
Throwing       | 1 2 3 |  3.2
Armour         | 1 2 3 |  3.2
Shields        | 1 2 3 |  3.2
Unarmed Combat | 1 2 3 |  3.2
Spellcasting   | 1 2 3 |  3.2
Conjurations   | 1 2 |  2.6
Hexes          | 1 2 |  2.6
Charms         | 1 2 |  2.6
Summonings     | 1 2 |  2.6
Necromancy     | 1 2 |  2.6
Translocations | 1 2 |  2.6
Transmutations | 1 2 |  2.6
Fire Magic     | 1 2 |  2.6
Ice Magic      | 1 2 |  2.6
Air Magic      | 1 2 |  2.6
Earth Magic    | 1 2 |  2.6
Poison Magic   | 1 2 |  2.6
Fighting       | 3 4 |  4.2
Short Blades   | 3 4 |  4.2
Stealth        | 3 4 |  4.0
Dodging        | 5 |  5.6
Evocations     | 7 |  7.3

Action                   |  1- 3 |  4- 6 |  7- 9 || total
-------------------------+-------+-------+-------++-------
Melee: Short sword       |   116 |   356 |     9 ||   481
       Bite              |     6 |    40 |    24 ||    70
       Falchion          |       |    29 |   160 ||   189
       Punch             |       |     1 |     4 ||     5
 Abil: Draw Escape       |       |       |     3 ||     3
       Draw Destruction  |       |       |     2 ||     2
Evoke: Wand              |       |       |     7 ||     7
  Use: Scroll            |     7 |     3 |     3 ||    13
       Potion            |       |     2 |     2 ||     4
 Stab: Sleeping          |     5 |    12 |     7 ||    24
       Distracted        |       |     2 |     1 ||     3
       Invisible         |       |       |     3 ||     3
  Eat: Chunk             |     1 |    10 |     5 ||    16
Armor: Leather armour    |    28 |   109 |    38 ||   175
Dodge: Dodged            |    86 |   318 |   126 ||   530
       Rpst.: Falchion   |       |     5 |    36 ||    41

Table legend:
 A = Non-vault XP
 B = Vault XP
 C = Vault XP percentage of total XP
 D = Non-vault monster count
 E = Vault monster count
 F = Vault count percentage of total count
                 A         B        C        D         E       F
            +---------+---------+-------+---------+---------+-------
      Total |    1494 |     245 |  14.1 |     112 |      34 |  23.3
            +---------+---------+-------+---------+---------+-------
        D:1 |      29 |       0 |   0.0 |      18 |       0 |   0.0
        D:2 |     160 |      35 |  17.9 |      25 |       1 |   3.8
        D:3 |     184 |      21 |  10.2 |      35 |       8 |  18.6
        D:4 |     573 |     118 |  17.1 |      19 |       1 |   5.0
        D:5 |     488 |       0 |   0.0 |      14 |       0 |   0.0
        D:6 |      60 |       0 |   0.0 |       1 |       0 |   0.0
      Sewer |       0 |      71 | 100.0 |       0 |      24 | 100.0
            +---------+---------+-------+---------+---------+-------
